 Dungeon Crawl Stone Soup version 0.30.0 (webtiles) character file.

Game seed: 1242394689597399117

90 cheesebisquit the Chopper (level 4, 0/41 HPs)
             Began as a Hill Orc Monk on May 6, 2023.
             Was a Believer of Makhleb.
             Slain by a black bear (6 damage)
             ... on level 3 of the Dungeon.
             The game lasted 00:06:43 (2019 turns).

cheesebisquit the Chopper (Hill Orc Monk)           Turns: 2019, Time: 00:06:44

Health: 0/41       AC:  4    Str: 15    XL:     4   Next: 56%
Magic:  4/4        EV: 17    Int: 10    God:    Makhleb [**....]
Gold:   167        SH:  0    Dex: 13    Spells: 3/3 levels left

rFire   + . .        a - +0 hand axe
rCold   . . .        d - orb {light}
rNeg    . . .        v - +0 leather armour
rPois   .            (no helmet)
rElec   .            (no cloak)
rCorr   .            r - +0 pair of gloves
SInv    .            (no boots)
Will    .....        (no amulet)
Stlth   +            e - ring of protection from fire
HPRegen 0.26/turn    t - +5 ring of evasion
MPRegen 0.09/turn

%: no passive effects
@: glowing
A: no striking features
a: Renounce Religion, Minor Destruction


You were on level 3 of the Dungeon.
You worshipped Makhleb.
Makhleb was pleased with you.
You visited 1 branch of the dungeon, and saw 3 of its levels.

You collected 167 gold pieces.

Inventory:

Hand Weapons
 a - a +0 hand axe (weapon)
Armour
 b - a +0 robe
 d - an orb of light (worn)
 r - a +0 pair of gloves (worn)
 v - a +0 leather armour (worn)
Jewellery
 e - a ring of protection from fire (left hand)
 s - a ring of protection from cold
 t - a +5 ring of evasion (right hand)
Scrolls
 f - a scroll of fog {unknown}
 g - a scroll of noise {unknown}
 l - 3 scrolls of teleportation {unknown}
 o - a scroll of amnesia {unknown}
 p - a scroll of silence {unknown}
 u - a scroll of identify {unknown}
Potions
 h - a potion of curing {unknown}
 i - 3 potions of heal wounds {unknown}
 j - 2 potions of degeneration {unknown}
 k - a potion of berserk rage {unknown}
 m - a potion of brilliance {unknown}
 q - a potion of lignification {unknown}


   Skills:
 * Level 4.7 Fighting
 + Level 5.7 Axes
 - Level 2.5 Dodging
 * Level 0.5 Stealth


You had 3 spell levels left.
You didn't know any spells.
Your spell library was empty.

Dungeon Overview and Level Annotations

Branches:
Dungeon (3/15)

Altars:
Makhleb

Annotations:
D:3 1 runed translucent door, platinum's ghost, amateur DECj


Message History

* * * LOW HITPOINT WARNING * * *
The black bear claws you.
* * * LOW HITPOINT WARNING * * *
You barely miss the black bear.
The black bear is almost dead.
The black bear misses you. The black bear completely misses you.
The black bear misses you. The black bear barely misses you. x2
The black bear closely misses you.
You're too confused to move!
The black bear bites you!
* * * LOW HITPOINT WARNING * * *
The black bear claws you.
* * * LOW HITPOINT WARNING * * *
The black bear barely misses you.
You bump into the rock wall.
The black bear bites you.
* * * LOW HITPOINT WARNING * * *
The black bear claws you but does no damage.
The black bear closely misses you. The black bear bites you.
* * * LOW HITPOINT WARNING * * *
The black bear claws you.
* * * LOW HITPOINT WARNING * * *
The black bear claws you.
* * * LOW HITPOINT WARNING * * *
The black bear closely misses you.
The black bear claws you but does no damage.
The black bear barely misses you.
You hit the black bear but do no damage.
The black bear is almost dead.
You feel less invigorated.
You feel less confused. The black bear bites you.
* * * LOW HITPOINT WARNING * * *
The black bear claws you.
* * * LOW HITPOINT WARNING * * *
The black bear closely misses you.
You barely miss the black bear.
The black bear is almost dead.
The black bear bites you.
* * * LOW HITPOINT WARNING * * *
The black bear claws you.
You die...

...# #.# ###
...####.#####..
...............
...........##.#
...####.##.##.#
#######.##.##.#####.#.##
........##.##.#...((....
.#.........##.#h###.#.##
#..............@.....#
#.........##.#.###.###
#..........#.#.#
#####+####.#.#.# .#+#+#
.. ... ...


You could see a black bear (berserk).

Vanquished Creatures
  4 adders
  A dart slug (D:3)
  5 endoplasms
  4 giant cockroaches
  8 goblins
  A hobgoblin (D:2)
  2 jackals (D:2)
  4 quokkas
  3 ball pythons
  6 bats
  2 frilled lizards
  3 kobolds
  6 rats
49 creatures vanquished.

Notes
Turn   | Place    | Note
-------+----------+-------------------------------------------
     0 | D:1      | cheesebisquit the Hill Orc Monk began the quest for the
                  | Orb.
     0 | D:1      | Reached XP level 1. HP: 19/19 MP: 1/1
   154 | D:1      | Reached XP level 2. HP: 25/27 MP: 2/2
   655 | D:1      | Reached XP level 3. HP: 13/33 MP: 3/3
   958 | D:2      | Reached skill level 5 in Axes
  1203 | D:2      | Reached XP level 4. HP: 38/41 MP: 4/4
  1232 | D:2      | Found a burning altar of Makhleb.
  1636 | D:2      | Became a worshipper of Makhleb the Destroyer
  1636 | D:2      | Reached * piety under Makhleb
  1636 | D:2      | Reached ** piety under Makhleb
  1725 | D:3      | Found a runed translucent door.
  1732 | D:3      | Noticed platinum's ghost (amateur DECj)
  1994 | D:3      | Noticed a black bear
  2015 | D:3      | HP: 1/41 [black bear (3)]
  2019 | D:3      | Slain by a black bear

Illustrated notes

Levels and vault maps discovered:
D:1:      lemuel_arrival_behind_the_door_large, layout_loops_corners
D:2:      layout_basic, basic_altar
D:3:      layout_basic, nicolae_qazlal_eye_of_the_storm, ebering_ghost_sewer_d,
          uniq_terence, uniq_natasha

Skill      XL: |  1  2  3 |
---------------+----------+-----
Fighting       | 4 |  4.7
Axes           | 5 |  5.7
Dodging        | |  2.5
Stealth        | |  0.5

Action                     |  1- 3 |  4- 6 || total
---------------------------+-------+-------++-------
  Melee: Hand axe          |    99 |    51 ||   150
  Throw: Dart              |       |     2 ||     2
    Use: Potion            |       |     1 ||     1
 Armour: Robe              |    15 |     4 ||    19
         Leather armour    |       |    10 ||    10
  Dodge: Dodged            |    56 |    53 ||   109
